 Dungeon Crawl Stone Soup version 0.29.0-11-gd7f09526c8 (webtiles) character file.

Game seed: 8746333802794307315

31 blackman the Sneak (level 3, 0/29 HPs)
             Began as a Demonspawn Delver on Sept 6, 2022.
             Succumbed to an orc wizard's poison
             ... on level 5 of the Dungeon.
             The game lasted 00:00:32 (60 turns).

blackman the Sneak (Demonspawn Delver)                Turns: 60, Time: 00:00:32

Health: 0/29       AC:  3    Str: 14    XL:     3   Next: 7%
Magic:  3/3        EV: 11    Int: 11    God:
Gold:   14         SH:  0    Dex: 14    Spells: 2/2 levels left

rFire   . . .      SeeInvis .   a - +0 mace
rCold   . . .      Faith    .   (no shield)
rNeg    . . .      Spirit   .   b - +0 leather armour
rPois   .          Reflect  .   (helmet restricted)
rElec   .          Harm     .   (no cloak)
rCorr   .          Rampage  .   (no gloves)
Will    .....                   (no boots)
Stlth   ++........              (no amulet)
HPRegen 0.09/turn               (no ring)
MPRegen 0.08/turn               (no ring)

@: lethally poisoned (0 -> -6), hasted, very quick
A: antennae 1
a: no special abilities


You were on level 5 of the Dungeon.
You visited 1 branch of the dungeon, and saw 1 of its levels.

You collected 14 gold pieces.

Inventory:

Hand Weapons
 a - a +0 mace (weapon)
Armour
 b - a +0 leather armour (worn)
Wands
 g - a wand of digging (3)
Scrolls
 c - a scroll of fog
 d - a scroll of magic mapping
 e - a scroll of fear
 h - a scroll of amnesia {unknown}


   Skills:
 - Level 3.0 Fighting
 + Level 3.2 Maces & Flails
 - Level 1.7 Dodging
 - Level 4.5 Stealth


You had 2 spell levels left.
You didn't know any spells.
Your spell library was empty.

Dungeon Overview and Level Annotations

Branches:
Dungeon (5/15)
 Temple: D:4-7

Altars:


Innate Abilities, Weirdness & Mutations

You have a pair of small antennae on your head.


Message History

Your Maces & Flails skill gained 2 levels and is now at level 3!
You have reached level 2!
Your demonic ancestry asserts itself...
A pair of antennae grows on your head!
You have reached level 3!
Your experience leads to an increase in your attributes!
Increase (S)trength, (I)ntelligence, or (D)exterity?
You feel stronger. x2
Sorry, you're not good enough to have a special ability.
Unknown command.
You see here a hound corpse.
An orc and an orc wizard come into view.
The orc wizard is wielding a +2 dagger of venom. 2 orcs come into view.
Found a stone staircase leading up.
Found 15 gold pieces.
The orc shouts!
The orc wizard shouts!
The orc shouts! x2
You barely miss the orc.
The orc wizard hits you with a +2 dagger of venom.
You are poisoned.
The orc completely misses you.
You thump the orc!
You kill the orc!
You feel very sick. The orc wizard barely misses you.
The orc hits you with a +0 club. The orc hits you with a +0 flail.
You feel sick.
You see here a +0 trident.
You hit the orc wizard.
The orc wizard is moderately wounded.
* * * LOW HITPOINT WARNING * * *
You feel sick.
You sock the orc wizard!
The orc wizard is severely wounded.
* * * LOW HITPOINT WARNING * * *
You feel sick. The orc wizard misses you. The orc hits you with a +0 flail.
* * * LOW HITPOINT WARNING * * *
You hit the orc wizard but do no damage.
The orc wizard is severely wounded.
You die...

#### ############...##
##......(......<.##
####.....#####.......#
##...†...............$.
##.#....................
................oo......
##.#.#.....##...@o.....#
#..........##..##.....##
....>....#.##..# #...##
..##[#...#.##..# #.##
................ .#
............... .
..####.#.###..# .. ...#
#.#.# .. .# .......#.# #


You could see an orc wizard and 2 orcs.

Vanquished Creatures
  A hound (D:5)
  An orc (D:5)
2 creatures vanquished.

Notes
Turn   | Place    | Note
-------+----------+-------------------------------------------
     0 | D:5      | blackman the Demonspawn Delver began the quest for the Orb.
     0 | D:5      | Reached XP level 1. HP: 18/18 MP: 1/1
     4 | D:5      | Noticed a hound
    43 | D:5      | Killed a hound
    44 | D:5      | Gained mutation: You have a pair of small antennae on your
                  | head. [demonic ancestry]
    44 | D:5      | Reached XP level 2. HP: 18/24 MP: 2/2
    44 | D:5      | Reached XP level 3. HP: 21/29 MP: 3/3
    59 | D:5      | HP: 1/29 [orc/+0 flail (5)]
    60 | D:5      | Succumbed to an orc wizard's poison

Illustrated notes

Levels and vault maps discovered:
D:5:      layout_loops_ring, nemelex_spade_bored_becter

Skill      XL: |  1 |
---------------+----+-----
Maces & Flails | 3 |  3.2
Fighting       | |  3.0
Dodging        | |  1.7
Stealth        | |  4.5

Action                   || total
-------------------------++-------
Melee: Mace              ||    12
  Use: Potion            ||     1
Armor: Leather armour    ||     1
Dodge: Dodged            ||     8
